 Dungeon Crawl Stone Soup version 0.30.1-11-g7821555f0a (webtiles) character file.

Game seed: 12298812929612405368

1439127 grothendieck the Rapturous (level 27, 142/142 (144) HPs)
             Began as a Vine Stalker Brigand on Dec 6, 2023.
             Was a Follower of Uskayaw.
             Escaped with the Orb
             ... and 3 runes on Dec 11, 2023!
             The game lasted 10:49:28 (94504 turns).

grothendieck the Rapturous (Vine Stalker Brigand)  Turns: 94504, Time: 10:49:29

HP:   142/142 (144) AC: 45    Str: 30      XL:     27
MP:   48/48         EV:  8    Int: 13      God:    Uskayaw [*.....]
Gold: 1944          SH: 24    Dex: 16 (17) Spells: 17/34 levels left

rFire   + +          .
                       - Unarmed
rCold   + . .        Z - +4 tower shield
rNeg    + . .        m - +12 gold dragon scales
rPois   +            n - +2 hat {Will+}
rElec   +            k - +2 cloak
rCorr   +            D - +2 pair of gloves
SInv    .            Q - +2 pair of boots {Fly}
Will    ++++.        w - amulet of faith {!P} Stlth
                     I - ring of Leriu {rElec rN+ Int+3}
HPRegen 1.23/turn    l - ring "Nixodier" {rF+ rCorr MP+9}
MPRegen 0.31/turn

%: guardian spirit, faith
@: flying, studying 3 skills, lightly drained
A: fangs 3, regeneration 1, magic shield, antimagic bite, no potion heal 2,
hooves 1, frail 1, poison resistance, strong 1, wild magic 1
0: Orb of Zot
}: 3/15 runes: decaying, slimy, gossamer
a: Renounce Religion, Stomp


You escaped.
You worshipped Uskayaw.
Uskayaw was greatly pleased with you.
You visited 11 branches of the dungeon, and saw 52 of its levels.
You also visited: Volcano and Desolation.

You collected 8880 gold pieces.
You spent 6936 gold pieces at shops.

Inventory:

Missiles
 c - 4 boomerangs
 d - 11 javelins
 e - 17 curare-tipped darts (quivered) {!f}
 q - 8 poisoned darts
 L - 11 throwing nets {!f}
Armour
 k - a +2 cloak (worn)
 m - +12 gold dragon scales (worn)
 n - a +2 hat of willpower (worn)
 D - a +2 pair of gloves (worn)
 Q - a +2 pair of boots of flying (worn)
 Z - a +4 tower shield (worn)
Jewellery
 l - the ring "Nixodier" (right hand) {rF+ rCorr MP+9}
   (You found it in the Desolation of Salt)

   [ring of magical power]

   rF:        It protects you from fire.
   MP:        It affects your magic capacity (+9).
   rCorr:     It protects you from acid and corrosion.
 v - the ring of Perfectionism {rF+ Will++}
   (You bought it in a shop on level 2 of the Orcish Mines)

   [ring of protection from fire]

   rF:        It protects you from fire.
   Will:      It greatly increases your willpower.
 w - an amulet of faith (around neck) {!P}
 I - the ring of Leriu (left hand) {rElec rN+ Int+3}
   (You bought it in a shop on level 1 of the Depths)

   [ring of positive energy]

   Int:       It affects your intelligence (+3).
   rElec:     It insulates you from electricity.
   rN:        It protects you from negative energy.
 J - the ring "Zois Goe" {rN+ Str+4 SInv}
   (You took it off a deep elf annihilator on level 3 of the Elven Halls)

   [ring of positive energy]

   Str:       It affects your strength (+4).
   rN:        It protects you from negative energy.
   SInv:      It lets you see invisible.
 M - the ring "Kylo" {rC+ rN+ Dex+6 Slay+3}
   (You took it off a deep elf demonologist on level 3 of the Elven Halls)

   [ring of dexterity]

   Dex:       It affects your dexterity (+6).
   Slay:      It affects your accuracy & damage with ranged weapons and melee
   (+3).
   rC:        It protects you from cold.
   rN:        It protects you from negative energy.
 T - a ring of wizardry
Wands
 a - a wand of mindburst (9)
 h - a wand of acid (32)
 z - a wand of paralysis (40)
 C - a wand of digging (16)
 O - a wand of iceblast (55)
Scrolls
 b - 9 scrolls of vulnerability {!r}
 i - 2 scrolls of butterflies
 p - 5 scrolls of magic mapping
 u - 12 scrolls of fog
 x - 7 scrolls of fear
 E - 7 scrolls of immolation {!r}
 K - 22 scrolls of teleportation
 P - 2 scrolls of silence
Potions
 g - 8 potions of haste
 j - 9 potions of might
 o - 10 potions of ambrosia
 r - 10 potions of berserk rage
 s - a potion of mutation {!q}
 t - 10 potions of attraction {!q}
 B - 4 potions of cancellation
 G - 19 potions of curing
 N - a potion of lignification {!q}
 S - 9 potions of resistance
 U - 9 potions of brilliance
 V - 5 potions of invisibility
 X - 4 potions of magic
Miscellaneous
 f - a lightning rod (4/4)
 y - a phantom mirror


   Skills:
 - Level 22.0 Fighting
 - Level 1.7 Short Blades
 - Level 1.7 Throwing
 - Level 15.4 Armour
 - Level 5.5 Dodging
 - Level 4.8 Stealth
 - Level 16.0 Shields
 - Level 22.7 Unarmed Combat
 - Level 4.0 Spellcasting
 + Level 13.6 Translocations
 * Level 0.9 Transmutations
 * Level 0.9 Earth Magic
 - Level 23.3 Invocations
 - Level 7.8 Evocations


You had 17 spell levels left.
You knew the following spells:

 Your Spells              Type           Power      Damage    Failure   Level
a - Apportation           Tloc           98%        N/A       4%          1
b - Blink                 Tloc           98%        N/A       6%          2
c - Wereblood             Tmut           6%         N/A       100%        2
l - Lesser Beckoning      Tloc           98%        N/A       6%          2
m - Manifold Assault      Tloc           49%        N/A       30%         4
p - Passage of Golubria   Tloc           49%        N/A       30%         4
w - Passwall              Tmut/Erth      5%         N/A       100%        2

Your spell library contained the following spells:

 Spells                   Type           Power      Damage    Failure   Level
 Gell's Gravitas          Tloc           49%        N/A       11%         3
 Teleport Other           Tloc           49%        N/A       11%         3
 Momentum Strike          Conj/Tloc      52%        3d9       58%         2
 Portal Projectile        Hex/Tloc       52%        N/A       82%         3
 Volatile Blastmotes      Fire/Tloc      52%        2d14      82%         3
 Beastly Appendage        Tmut           12%        N/A       99%         1
 Iskenderun's Mystic Bla  Conj/Tloc      26%        2d7       99%         4
 Dispersal                Tloc           24%        N/A       99%         6
 Foxfire                  Conj/Fire      12%        2x1d4     100%        1
 Necrotise                Necr           12%        1d4       100%        1
 Slow                     Hex            12%        N/A       100%        1
 Cigotuvi's Dreadful Rot  Necr/Pois/Air  6%         N/A       100%        2
 Ensorcelled Hibernation  Hex/Ice        6%         N/A       100%        2
 Searing Ray              Conj           6%         2d4       100%        2
 Confusing Touch          Hex            3%         N/A       100%        3
 Dazzling Flash           Conj/Hex       6%         N/A       100%        3
 Hailstorm                Conj/Ice       3%         3d3       100%        3
 Ignite Poison            Fire/Tmut/Pois 4%         N/A       100%        3
 Inner Flame              Hex/Fire       3%         N/A       100%        3
 Spider Form              Tmut/Pois      5%         N/A       100%        3
 Stone Arrow              Conj/Erth      8%         3d7       100%        3
 Summon Guardian Golem    Hex/Summ       3%         N/A       100%        3
 Swiftness                Air            3%         N/A       100%        3
 Vampiric Draining        Necr           3%         2d6       100%        3
 Anguish                  Hex/Necr       1%         N/A       100%        4
 Animate Armour           Summ/Erth      8%         N/A       100%        4
 Animate Dead             Necr           3%         N/A       100%        4
 Cause Fear               Hex            1%         N/A       100%        4
 Dispel Undead            Necr           3%         3d7       100%        4
 Flame Wave               Conj/Fire      3%         2d5       100%        4
 Fulminant Prism          Conj/Hex       1%         3d5       100%        4
 Ice Form                 Ice/Tmut       5%         N/A       100%        4
 Leda's Liquefaction      Hex/Erth       2%         N/A       100%        4
 Olgreb's Toxic Radiance  Pois           3%         N/A       100%        4
 Petrify                  Tmut/Erth      6%         N/A       100%        4
 Sticky Flame             Conj/Fire      3%         2d3       100%        4
 Summon Lightning Spire   Summ/Air       3%         N/A       100%        4
 Agony                    Necr           3%         N/A       100%        5
 Alistair's Intoxication  Tmut/Pois      3%         N/A       100%        5
 Fireball                 Conj/Fire      1%         3d3       100%        5
 Iskenderun's Battlesphe  Conj           3%         2d6       100%        5
 Lee's Rapid Deconstruct  Erth           3%         3d5*      100%        5
 Metabolic Englaciation   Hex/Ice        1%         N/A       100%        5
 Silence                  Hex/Air        1%         N/A       100%        5
 Summon Forest            Summ/Tloc      13%        N/A       100%        5
 Summon Mana Viper        Hex/Summ       3%         N/A       100%        5
 Yara's Violent Unravell  Hex/Tmut       2%         3d3       100%        5
 Death Channel            Necr           1%         N/A       100%        6
 Eringya's Noxious Bog    Tmut/Pois      2%         N/A       100%        6
 Iron Shot                Conj/Erth      2%         9d2       100%        6
 Plasma Beam              Fire/Air       1%         2x1d12    100%        6
 Simulacrum               Ice/Necr       1%         N/A       100%        6
 Starburst                Conj/Fire      1%         6d3       100%        6
 Statue Form              Tmut/Erth      4%         N/A       100%        6
 Dragon Form              Tmut           3%         N/A       100%        7
 Enfeeble                 Hex            1%         N/A       100%        7
 Haunt                    Necr/Summ      1%         N/A       100%        7
 Spellforged Servitor     Conj/Summ      1%         N/A       100%        7
 Storm Form               Tmut/Air       2%         N/A       100%        7
 Summon Hydra             Summ           1%         N/A       100%        7
 Infestation              Necr           1%         N/A       100%        8
 Lehudib's Crystal Spear  Conj/Erth      2%         10d2      100%        8
 Maxwell's Capacitive Co  Air            1%         ∞         100%        8
 Dragon's Call            Summ           1%         N/A       100%        9


Dungeon Overview and Level Annotations

Branches:
Dungeon (15/15)            Temple (1/1) D:7            Lair (5/5) D:9
  Swamp (4/4) Lair:2       Spider (4/4) Lair:3        Slime (5/5) Lair:4
    Orc (2/2) D:11            Elf (3/3) Orc:2        Vaults (4/5) D:14
  Crypt (0/3) Vaults:3     Depths (4/4) D:15            Zot (5/5) Depths:4
Volcano (visited)         Desolation (visited)

Altars:
Ashenzari
Cheibriados
Dithmenos
Elyvilon
Fedhas
Gozag
Hepliaklqana
Kikubaaqudgha
Makhleb
Nemelex Xobeh
Okawaru
Qazlal
Ru
Sif Muna
Trog
Uskayaw
Vehumet
Wu Jian
Xom
Yredelemnul
Zin
The Shining One
Jiyva
Lugonu

Shops:
D:1 ?   D:4 *((!*   D:11 (   Orc:2 :!?*=[!:   Elf:1 [=!   Vaults:1 :
Vaults:2 [   Depths:1 =   Depths:2 :==   Depths:3 !   Depths:4 ?

Portals:
Hell: Depths:1 Depths:2 Depths:3 Depths:4
Abyss: Slime:4 Depths:2 Depths:3
Pandemonium: Depths:2
Ziggurat: Depths:4
Trove: Vaults:3 (give 6 scrolls of blinking)

Annotations:
D:2 1 runed translucent door, exclusion: door, Crazy Yiuf
D:12 1 runed translucent door, exclusion: door
Elf:2 aleksiErkki's ghost, journeyman MiFi
Vaults:1 exclusion: 3 doors


Innate Abilities, Weirdness & Mutations

You have razor-sharp teeth.
Your natural rate of healing is unusually fast.
When hurt, damage is shared between your health and your magic reserves.
Your bite disrupts and absorbs the magic of your enemies.
Potions cannot restore your health.
You have large cloven feet.
You are frail. (-10% HP)
Your system is resistant to poisons. (rPois)
Your muscles are strong. (Str +4, Int/Dex -1)
Your spells are a little harder to cast, but a little more powerful.


Message History

You feel sick.
You feel sick.
There is a stone staircase leading up, spattered with blood here.
You feel sick.
You fly upwards.
You feel sick.
There is a stone staircase leading down, spattered with blood here.
(D) Dungeon (T) Temple (L) Lair (S) Swamp (N) Spider Nest (M) Slime Pits (O) Orcish Mines (E) Elven Halls (V) Vaults (C) Crypt (U) Depths (H) Hell (Z) Zot
Where to? (Enter - D:1 @ (x,y), ? - help)
What level of the Dungeon? (default 1, ? - help)
You feel sick.
You feel sick.
You feel sick.
You feel sick.
You feel sick.
You are no longer poisoned.
There is an escape hatch in the ceiling here.
A mysterious force pulls you upwards. The hatch slams shut behind you.
Your extra speed is starting to run out.
You feel yourself slow down.
A large abomination comes into view.
You see here a +0 spear.
There is a stone staircase leading up here.
You fly upwards.
Level annotation: 1 runed translucent door, exclusion: door, Crazy Yiuf
There is a stone staircase leading down here.
There is a stone staircase leading up here.
You fly upwards.
There is a stone staircase leading down here.
(D) Dungeon (T) Temple (L) Lair (S) Swamp (N) Spider Nest (M) Slime Pits (O) Orcish Mines (E) Elven Halls (V) Vaults (C) Crypt (U) Depths (H) Hell (Z) Zot
Where to? (Enter - D:1 @ (x,y), ? - help)
What level of the Dungeon? (default 1, ? - help)
There is a large open door here.
There is a staircase leading out of the dungeon here.
You have escaped!

....................#.##.#
.........##..............#
....................#.##.#
.........##.#########.##.#
........###.###....##)##.#
........###.##.####.#.####
.............'####8.#.# ###
.###....###..'#...#.#.######
#..
.#####'####.##..@.#.#.##...#
##.#
.............##...#.#.##...#
#...
.............####.#.#.##...#
#.## ♣♣.##.######.#
##..#..#...# ♣♣♣
...##.######.#
#####.#...#♣♣.♣♣
♣♣.##.##.....# #.#....♣...P
...##.#......# ##.'....♣PP..
##.##.#......# #..#...#♣♣♣P.
......+......########..#...#
♣♣♣


There were no monsters in sight!

Vanquished Creatures
  the Royal Jelly (Slime:5)
  2 dread liches
  8 orbs of fire
  4 ancient liches (Zot:5)
  Mara (Vaults:3)
  A juggernaut (Depths:3)
  3 Killer Klowns (Zot:5)
  Saint Roka (Depths:1)
  Xtahua (Vaults:3)
  10 golden dragons
  Arachne (Spider:2)
  A Brimstone Fiend (Zot:5)
  3 doom hounds
  4 electric golems
  Asterion (Depths:1)
  3 liches
  A walking crystal tome (Depths:2)
  20 tentacled monstrosities
  26 Orb Guardians (Zot:5)
  2 deep elf blademasters (Elf:3)
  Grunn (Zot:4)
  4 quicksilver dragons
  15 acid blobs
  2 titans
  2 deep elf master archers (Elf:3)
  A tentacled starspawn (Lair:1)
  11 death cobs
  A thorn hunter (Swamp:3)
  18 storm dragons
  8 shadow dragons
  2 tengu reavers
  5 sphinxes
  4 draconian monks
  9 rockslimes
  Donald (Orc:2)
  A fenstrider witch (Swamp:1)
  9 fire giants
  13 azure jellies
  10 ghost moths
  6 frost giants
  6 deep elf sorcerers
  10 draconian scorchers
  Aizul (Spider:1)
  An orc warlord (Vaults:2)
  2 emperor scorpions
  5 draconian shifters
  15 vault wardens
  2 imperial myrmidons (Desolation)
  8 draconian knights
  5 deep elf elementalists (Elf:3)
  A ghoul (Swamp:4)
  2 spriggan defenders (Depths:3)
  4 draconian stormcallers
  16 ironbound preservers
  6 broodmothers
  A demonspawn blood saint (Depths:3)
  2 war gargoyles
  5 quicksilver oozes
  33 very ugly things
  7 stone giants
  6 ironbound thunderhulks
  A reaper (Depths:2)
  6 draconian annihilators
  15 black draconians
  2 deep elf demonologists (Elf:3)
  4 vampire knights
  A halazid warlock (Desolation)
  16 green draconians
  5 spark wasps
  6 deep elf annihilators (Elf:3)
  5 eleionomae
  16 yellow draconians
  19 dire elephants
  9 white draconians
  7 bunyips
  6 deep elf death magi
  4 crystal guardians
  13 red draconians
  8 purple draconians
  8 ettins
  5 fire dragons
  10 yaktaur captains
  10 ragged hierophants (Desolation)
  2 deep elf high priests (Elf:3)
  2 shambling mangroves
  4 entropy weavers
  8 peacekeepers
  4 ice dragons
  2 ghost crabs (Swamp:4)
  12 vault guards
  The ghost of TangoThomas the Destroyer, a journeyman DsRe of Ashenzari (D:10)
  11 great orbs of eyes
  4 rakshasas
  Erolcha (D:9)
  10 ironbound frosthearts
  3 servants of whispers (Desolation)
  A catoblepas (Lair:5)
  5 jorogumos
  Fannar (D:11)
  23 hydras
  5 radroaches
  An ogre mage (D:15)
  3 spriggan air magi
  15 centaur warriors
  22 dancing weapons
  5 boulder beetles
  11 alligators
  2 deep troll shamans
  15 death yaks
  A shock serpent (shapeshifter) (Depths:2)
  3 deep troll earth magi (Depths:2)
  7 two-headed ogres
  3 tengu warriors
  4 spriggan berserkers
  5 vampire magi
  6 hell knights
  A soul eater (Depths:2)
  The ghost of otna the Thaumaturge, a novice DENe of Kikubaaqudgha (D:10)
  17 deep elf knights
  2 skysharks
  3 iron trolls (Depths:2)
  A sun demon (Depths:2)
  A fire crab (Lair:3)
  5 skeletal warriors
  Lodul (D:14)
  4 sun moths
  2 pharaoh ants (Spider:2)
  2 spriggan druids (Swamp:3)
  3 flayed ghosts
  4 lindwurms
  5 goliath frogs
  6 glowing orange brains
  An obsidian statue (Zot:5)
  41 deep trolls
  15 bog bodies
  7 orb spiders
  9 deep elf archers
  22 deep elf zephyrmancers
  3 necromancers
  15 wizards
  Pikel (D:6)
  20 ironbound convokers
  6 swamp dragons
  24 deep elf pyromancers
  54 ugly things
  4 steelbarb worms
  4 orc knights
  2 shining eyes
  27 wolf spiders
  8 orc sorcerers
  8 will-o-the-wisps
  6 cyclopes
  A salamander (Depths:2)
  9 elephants
  A naga mage (Vaults:2)
  4 manticores
  A manticore (shapeshifter) (Elf:3)
  7 black mambas
  24 vault sentinels
  30 moths of wrath
  A rust devil (Depths:2)
  Maurice (D:9)
  A molten gargoyle (Desolation)
  2 gargoyles
  16 demonic crawlers
  2 guardian serpents (Desolation)
  10 cane toads
  8 komodo dragons
  5 torpor snails
  6 eyes of devastation
  An orange demon (Depths:2)
  5 rime drakes
  3 kobold demonologists
  35 yaktaurs
  2 freezing wraiths
  4 efreet
  4 tengu conjurers
  4 red devils (Depths:2)
  3 meliai (Spider:3)
  A polar bear (shapeshifter) (Elf:2)
  3 trolls
  2 polar bears
  10 tyrant leeches
  A hellwing (Depths:2)
  19 blink frogs
  30 tarantellas
  44 saltlings
  21 hornets
  A hornet (shapeshifter) (D:15)
  16 dream sheep
  77 slime creatures
  3 air elementals
  13 spriggans
  3 shadows
  8 wraiths
  35 jumping spiders
  10 humans
  5 wyverns
  A vampire (D:9)
  57 yaks
  32 culicivoras
  10 fire bats
  11 water elementals
  A yak (shapeshifter) (Elf:1)
  3 fire elementals
  4 basilisks
  11 golden eyes
  57 redbacks
  A steam dragon (Lair:4)
  10 vampire mosquitoes
  Edmund (D:6)
  14 swamp worms
  10 wargs
  A swamp worm (shapeshifter) (Depths:2)
  3 acid dragons
  14 water moccasins
  A floating eye (Slime:5)
  A sky beast (D:7)
  2 hell hounds (Volcano)
  14 orc warriors
  3 black bears
  5 ice beasts
  8 swamp drakes
  5 wolves
  4 boggarts (Vaults:2)
  18 ogres
  6 centaurs
  4 phantoms
  4 lemures
  A kobold brigand (D:5)
  An earth elemental (Elf:1)
  8 bullfrogs
  3 gnoll sergeants
  7 scorpions
  10 wights
  9 killer bees
  2 electric eels
  6 howler monkeys
  7 hounds
  2 jellies
  10 orc priests
  A gnoll bouda (D:5)
  5 sleepcaps
  Terence (D:2)
  56 orc wizards
  11 hell rats
  Robin (D:2)
  11 adders
  24 gnolls
  An adder (shapeshifter) (Vaults:2)
  5 white imps
  2 ufetubi
  5 dart slugs
  2 worms
  89 orcs
  4 ball pythons
  5 endoplasms
  5 giant cockroaches
  9 goblins
  10 hobgoblins
  A jackal (D:4)
  9 kobolds
  2 quokkas
  7 bats
  2 frilled lizards
  7 rats
2217 creatures vanquished.

Vanquished Creatures (collateral kills)
  Snorg (D:11)
  A spriggan (Depths:2)
2 creatures vanquished.

Vanquished Creatures (others)
  A draconian knight (Zot:4)
  A dancing weapon (Elf:2)
  2 deep elf knights (Elf:2)
  A deep elf pyromancer (Elf:2)
  A bloated husk (Swamp:1)
  A tyrant leech (Swamp:3)
  A boggart (Vaults:2)
  34 foxfires
  A lurking horror (Slime:4)
43 creatures vanquished.

Grand Total: 2262 creatures vanquished

Notes
Turn   | Place    | Note
-------+----------+-------------------------------------------
     0 | D:1      | grothendieck the Vine Stalker Brigand began the quest for
                  | the Orb.
     0 | D:1      | Reached XP level 1. HP: 11/11 MP: 2/2
   184 | D:1      | Found a faded altar of an unknown god.
   290 | D:1      | Found Macyruj's Magic Scroll Shop.
   325 | D:1      | Reached XP level 2. HP: 15/15 MP: 1/3
   407 | D:1      | Reached skill level 1 in Unarmed Combat
   918 | D:1      | Reached skill level 1 in Armour
  1291 | D:2      | Reached XP level 3. HP: 18/18 MP: 4/4
  1558 | D:2      | Identified the +5 dagger of Supply {freeze, Drain rElec
                  | Will++ SInv}
  1738 | D:2      | Noticed Terence
  1765 | D:2      | Found a runed translucent door.
  1766 | D:2      | Noticed Crazy Yiuf
  1794 | D:2      | Noticed Robin
  2315 | D:2      | Gained mutation: Your natural rate of healing is unusually
                  | fast. [Vine Stalker growth]
  2315 | D:2      | Reached XP level 4. HP: 16/23 MP: 5/5
  2578 | D:3      | Found an ancient bone altar of Kikubaaqudgha.
  2704 | D:4      | Noticed a water moccasin
  2713 | D:4      | Found Sesainn's Distillery.
  2785 | D:4      | Found a shimmering altar of Xom.
  2881 | D:4      | Reached XP level 5. HP: 28/28 MP: 6/6
  2882 | D:4      | Found Wegua's Antique Weapon Shoppe.
  2912 | D:4      | Found Fistunumisk's General Store.
  3210 | D:4      | Noticed a phantom
  3259 | D:4      | Found an iron altar of Okawaru.
  3332 | D:4      | Found a shadowy altar of Dithmenos.
  3382 | D:4      | Reached XP level 6. HP: 30/32 MP: 5/7
  3505 | D:5      | Entered Level 5 of the Dungeon
  3547 | D:5      | Noticed a yak
  3549 | D:5      | Noticed a yak
  3697 | D:2      | Killed Robin
  3984 | D:2      | Killed Terence
  4084 | D:3      | Reached XP level 7. HP: 33/36 MP: 6/8
  4234 | D:4      | Reached skill level 5 in Unarmed Combat
  4325 | D:4      | Found Rokk's General Store.
  4343 | D:4      | Bought a scroll of teleportation for 30 gold pieces
  4360 | D:4      | Found Rekh's Weapon Shoppe.
  4434 | D:4      | Bought a scroll of identify for 26 gold pieces
  4471 | D:4      | Bought a potion of lignification for 39 gold pieces
  4566 | D:1      | Bought a scroll of poison for 52 gold pieces
  4795 | D:5      | Found a large runed translucent door.
  4796 | D:5      | Found a large runed translucent door.
  4797 | D:5      | Found a large runed translucent door.
  4797 | D:5      | Found a large runed translucent door.
  4799 | D:5      | Noticed a wraith
  4799 | D:5      | Noticed a yak
  4824 | D:5      | Noticed a yak
  4860 | D:5      | Killed a yak
  4861 | D:5      | Gained mutation: You have razor-sharp teeth. [Vine Stalker
                  | growth]
  4861 | D:5      | Reached XP level 8. HP: 33/42 MP: 6/9
  5403 | D:5      | Reached skill level 5 in Fighting
  5522 | D:5      | Reached skill level 1 in Evocations
  5777 | D:6      | Noticed a yak
  5777 | D:6      | Noticed a yak
  5777 | D:6      | Noticed a yak
  5777 | D:6      | Noticed a yak
  5963 | D:6      | Noticed Pikel
  6047 | D:6      | Reached XP level 9. HP: 47/47 MP: 10/10
  6248 | D:6      | Noticed Edmund
  6275 | D:6      | Killed Edmund
  6749 | D:6      | Killed Pikel
  6750 | D:6      | Reached skill level 5 in Armour
  6956 | D:6      | Reached XP level 10. HP: 43/53 MP: 9/11
  7289 | D:7      | Found a burning altar of Makhleb.
  7356 | D:7      | Found a staircase to the Ecumenical Temple.
  7365 | Temple   | Entered the Ecumenical Temple
  7553 | Temple   | Became a worshipper of Uskayaw the Reveller
  7622 | D:7      | Reached * piety under Uskayaw
  7675 | D:6      | Reached ** piety under Uskayaw
  7683 | D:6      | Reached *** piety under Uskayaw
  7994 | D:7      | Reached skill level 1 in Invocations
  8244 | D:5      | Reached **** piety under Uskayaw
  8245 | D:5      | Reached skill level 10 in Unarmed Combat
  8246 | D:5      | Noticed a two-headed ogre
  8476 | D:7      | Reached skill level 2 in Invocations
  8812 | D:8      | Found a sacrificial altar of Ru.
  9216 | D:8      | Reached skill level 3 in Invocations
 10022 | D:9      | Reached skill level 4 in Invocations
 10084 | D:9      | Reached XP level 11. HP: 54/58 MP: 15/15
 10097 | D:9      | Noticed a two-headed ogre
 10180 | D:9      | Noticed Maurice
 10443 | D:9      | Found a staircase to the Lair.
 10453 | D:9      | Noticed Erolcha
 10621 | D:9      | Killed Erolcha
 10622 | D:9      | Reached skill level 5 in Invocations
 10624 | D:9      | Found a runed translucent gate.
 10624 | D:9      | Found a runed translucent gate.
 10624 | D:9      | Found a runed translucent gate.
 10805 | D:9      | Noticed otna's ghost (novice DENe)
 11268 | D:9      | Killed Maurice
 11279 | Lair:1   | Entered Level 1 of the Lair of Beasts
 11492 | D:4      | Bought a potion of might for 52 gold pieces
 11677 | D:10     | Entered Level 10 of the Dungeon
 11839 | D:9      | Reached ***** piety under Uskayaw
 11862 | D:10     | Reached skill level 1 in Shields
 11862 | D:10     | Reached skill level 6 in Invocations
 12073 | D:10     | Noticed a fire giant
 12074 | D:10     | Noticed TangoThomas's ghost (journeyman DsRe)
 12078 | D:10     | Noticed a cyclops
 12078 | D:10     | Noticed a centaur warrior
 12217 | D:10     | Found a runed translucent gate.
 12218 | D:10     | Found a runed translucent gate.
 12235 | D:10     | Found a runed translucent gate.
 12705 | D:10     | Noticed a two-headed ogre
 12724 | D:10     | Killed a two-headed ogre
 12952 | D:11     | Found Sugroaxa's Weapon Emporium.
 12952 | D:11     | Found a staircase to the Orcish Mines.
 13037 | D:11     | Noticed a cyclops
 13100 | D:11     | Noticed Fannar
 13258 | Lair:1   | Reached XP level 12. HP: 64/64 MP: 18/18
 13520 | Lair:1   | Reached skill level 7 in Invocations
 13625 | Lair:2   | Noticed a death yak
 14282 | Lair:2   | Reached ****** piety under Uskayaw
 14440 | Lair:1   | Found a runed translucent door.
 14507 | Lair:1   | Noticed a tentacled starspawn
 15067 | Lair:2   | Noticed a five-headed hydra
 15112 | Lair:2   | Reached skill level 8 in Invocations
 15589 | Lair:2   | Noticed a death yak
 15589 | Lair:2   | Noticed a death yak
 15732 | Lair:3   | Noticed a death yak
 15733 | Lair:3   | Noticed a death yak
 15733 | Lair:3   | Noticed a death yak
 15734 | Lair:3   | Noticed a death yak
 15882 | Lair:2   | Noticed an eight-headed hydra
 15913 | Lair:2   | Killed an eight-headed hydra
 16690 | Lair:3   | Noticed a skyshark
 16698 | Lair:3   | Noticed a death yak
 16701 | Lair:3   | Killed a skyshark
 16793 | Lair:3   | Noticed a four-headed hydra
 16956 | Lair:4   | Reached XP level 13. HP: 69/69 MP: 20/20
 17101 | Lair:4   | Reached skill level 9 in Invocations
 17106 | Lair:4   | Found a dark tunnel.
 17115 | Volcano  | Entered a volcano
 17191 | Volcano  | Noticed a fire dragon
 17220 | Volcano  | Killed a fire dragon
 17851 | Lair:4   | Found a runed translucent door.
 17851 | Lair:4   | Found a viscous altar of Jiyva.
 17851 | Lair:4   | Found a staircase to the Slime Pits.
 17891 | Lair:4   | Identified the +7 spear of Broken Luck {speed, Str+3 SInv
                  | Stlth+}
 18119 | Lair:5   | Entered Level 5 of the Lair of Beasts
 18332 | Lair:5   | Reached skill level 5 in Shields
 18355 | Lair:5   | Reached skill level 10 in Invocations
 18415 | Lair:5   | Identified the +0 chain mail of Jigsaw {Stlth+}
 18801 | Lair:5   | Learned a level 2 spell: Blink
 19024 | Lair:4   | Reached XP level 14. HP: 64/75 MP: 22/22
 19836 | Lair:3   | Reached skill level 11 in Invocations
 20054 | Lair:3   | Found a hole to the Spider Nest.
 20295 | Lair:2   | Reached skill level 10 in Fighting
 20363 | Lair:2   | Found a staircase to the Swamp.
 21154 | Lair:5   | Reached skill level 15 in Unarmed Combat
 21256 | Lair:5   | Noticed a dire elephant
 21305 | Lair:5   | Killed a dire elephant
 21372 | Lair:5   | Identified the ring of Urphing {rF+ rC+++ Will- Dex-3
                  | Stlth+}
 21759 | D:11     | Killed Fannar
 21774 | D:11     | Noticed Snorg
 21996 | D:11     | Found an iron altar of Okawaru.
 22257 | D:12     | Reached skill level 12 in Invocations
 22345 | D:12     | Reached XP level 15. HP: 80/80 MP: 25/25
 22722 | D:12     | Noticed a tengu reaver
 22722 | D:12     | Noticed a tengu reaver
 22761 | D:12     | Found a blossoming altar of Fedhas.
 22806 | D:12     | Learned a level 2 spell: Lesser Beckoning
 23123 | D:5      | Identified the +5 falchion of Evisceration {heavy, *Rage
                  | rN+ Will+ rCorr}
 23309 | D:1      | Bought a scroll of teleportation for 39 gold pieces
 23309 | D:1      | Bought a scroll of teleportation for 39 gold pieces
 23309 | D:1      | Bought 2 scrolls of teleportation for 78 gold pieces
 23309 | D:1      | Bought a scroll of teleportation for 39 gold pieces
 23309 | D:1      | Bought a scroll of fog for 52 gold pieces
 23309 | D:1      | Bought a scroll of butterflies for 52 gold pieces
 23419 | D:4      | Bought a potion of haste for 130 gold pieces
 23419 | D:4      | Bought a scroll of butterflies for 52 gold pieces
 23456 | D:4      | Bought a potion of resistance for 130 gold pieces
 23946 | D:10     | Killed otna's ghost
 25068 | Orc:1    | Entered Level 1 of the Orcish Mines
 25400 | Orc:2    | Entered Level 2 of the Orcish Mines
 25400 | Orc:2    | Found Vamab's Distillery.
 25405 | Orc:2    | Found Cauxai's Book Shop.
 25451 | Orc:2    | Found Veffev's General Store.
 25455 | Orc:2    | Found Reraczyecu's Jewellery Shoppe.
 25458 | Orc:2    | Found a staircase to the Elven Halls.
 25535 | Orc:2    | Bought the ring of Perfectionism {rF+ Will++} for 598 gold
                  | pieces
 25560 | Orc:2    | Found Puagrist's Armour Shop.
 25856 | Orc:2    | Noticed Donald
 25857 | Orc:2    | Killed Donald
 26002 | Orc:2    | Gained mutation: Armour fits poorly on your strangely
                  | shaped body. [a neqoxec]
 26009 | Orc:2    | Gained mutation: You are strong-willed. (Will+) [a neqoxec]
 26218 | Orc:2    | Found Ycexa's Magic Scroll Shop.
 26218 | Orc:2    | Found Gochegh's Antique Weapon Emporium.
 26301 | Orc:2    | Found Nunep's Book Shop.
 26301 | Orc:2    | Found Ipnuz's Distillery.
 26391 | Orc:2    | Bought a +1 pair of boots of flying for 198 gold pieces
 27828 | D:14     | Noticed Lodul
 28115 | D:15     | Entered Level 15 of the Dungeon
 28473 | D:14     | Reached skill level 13 in Invocations
 28718 | D:15     | Paralysed by a hornet for 1 turns
 29786 | D:15     | Reached XP level 16. HP: 80/87 MP: 26/26
 29995 | D:15     | Found a staircase to the Depths.
 30167 | D:14     | Reached skill level 10 in Armour
 30370 | D:12     | Found a runed translucent door.
 30370 | D:12     | Noticed a sphinx
 30372 | D:12     | Noticed a tengu reaver
 30433 | D:11     | Killed Snorg
 30731 | D:10     | Killed TangoThomas's ghost
 30912 | Swamp:1  | Entered Level 1 of the Swamp
 31603 | Swamp:1  | Noticed a fenstrider witch
 31612 | Swamp:1  | Killed a fenstrider witch
 31957 | Swamp:1  | Reached skill level 14 in Invocations
 32438 | Swamp:2  | Identified the +10 plate armour of Alyowoor {Rampage Drain
                  | *Slow rPois}
 32883 | Swamp:2  | Reached skill level 1 in Dodging
 34238 | Swamp:3  | Reached XP level 17. HP: 84/94 MP: 28/28
 34552 | Swamp:4  | Entered Level 4 of the Swamp
 35164 | Spider:1 | Entered Level 1 of the Spider Nest
 35275 | Spider:1 | Learned a level 2 spell: Passwall
 37000 | Spider:1 | Noticed Aizul
 37438 | Spider:1 | Identified the ring "Diopuim" {rPois rF- Str+7 SInv}
 38182 | Spider:1 | Reached skill level 5 in Dodging
 38391 | Spider:1 | Killed Aizul
 39812 | Spider:2 | Reached skill level 15 in Invocations
 40026 | Spider:2 | Paralysed by a jorogumo for 1 turns
 40030 | Spider:2 | Reached XP level 18. HP: 61/101 MP: 13/30
 40360 | Spider:3 | Noticed Arachne
 40999 | Swamp:4  | Reached skill level 10 in Shields
 41742 | Swamp:4  | Got a decaying rune of Zot
 43034 | D:14     | Killed Lodul
 43320 | D:14     | Found a gate to the Vaults.
 43591 | Vaults:1 | Entered Level 1 of the Vaults
 43735 | Vaults:1 | Found Mestryc's Book Emporium.
 44754 | Spider:2 | Killed Arachne
 45365 | Spider:3 | Reached skill level 16 in Invocations
 45878 | Spider:3 | Reached XP level 19. HP: 83/107 MP: 32/32
 46234 | Spider:4 | Entered Level 4 of the Spider Nest
 48222 | Spider:4 | Reached skill level 15 in Fighting
 48560 | Spider:4 | Paralysed by a hornet for 2 turns
 48671 | Spider:4 | Got a gossamer rune of Zot
 49762 | Vaults:1 | Got the Incunable of Ensorcelling
 49967 | Vaults:1 | Reached skill level 5 in Evocations
 50798 | Vaults:2 | Reached XP level 20. HP: 108/114 MP: 29/33
 53137 | Vaults:2 | Found Xicioven's Armour Shoppe.
 53247 | Vaults:2 | Identified the +0 robe of the Engineer {Drain rElec rCorr
                  | Dex+6}
 53268 | Vaults:2 | Found a radiant altar of Vehumet.
 53288 | Vaults:2 | Identified the +0 robe of Decompression {rElec}
 53307 | Vaults:2 | Identified the +1 robe of the Sea {rPois rF- Will- Str+7}
 53833 | Orc:2    | Bought a scroll of fog for 44 gold pieces
 53833 | Orc:2    | Bought a scroll of teleportation for 33 gold pieces
 53833 | Orc:2    | Bought a scroll of fear for 44 gold pieces
 54226 | Vaults:3 | Reached skill level 17 in Invocations
 54776 | Vaults:3 | Noticed Mara
 54827 | Vaults:3 | Found a portal to a secret trove of treasure.
 55222 | Vaults:3 | Reached XP level 21. HP: 102/120 MP: 27/34
 55432 | Vaults:4 | Found a crumbling gateway.
 55456 | Desolati | Entered the Desolation of Salt
 56071 | Desolati | Found the +1 robe of Vines {NoPotionHeal Regen++++}
 56075 | Desolati | Identified the +2 hand axe "Zudyus" {venom, *Slow rElec
                  | rC+}
 56088 | Desolati | Identified the +4 scale mail of Chimes {rPois rC++ Dex-5
                  | Stlth+}
 56090 | Desolati | Identified the staff of earth "Kuepres" {Fly rPois}
 56360 | Desolati | Found the +7 sceptre of Torment {pain, torment}
 56362 | Desolati | Identified the ring "Nixodier" {rF+ rCorr MP+9}
 56365 | Desolati | Identified the +2 leather armour "Uzxugety" {Drain rF+
                  | Str+3 Slay+3}
 56369 | Desolati | Got the Precepts of the Twisted Union
 56371 | Desolati | Identified the orb of Qifebur {guile, rElec Int+4 Dex-5}
 56487 | Desolati | Got the Papyrus of the Weird Tincture
 56489 | Desolati | Got Puuclaefe's Meditations on Stones and Concussion
 56535 | Desolati | Identified the +1 scale mail "Iplasoz" {Rampage MP+9 Dex-4}
 58374 | Vaults:4 | Identified a scroll of acquirement
 59166 | Vaults:4 | Acquired a manual of Translocations
 59267 | Vaults:3 | You are sucked into a shaft and drop 1 floor!
 59380 | Vaults:3 | Reached skill level 1 in Translocations
 59385 | Vaults:3 | Reached XP level 22. HP: 78/127 MP: 32/35
 59473 | Vaults:3 | Noticed grothendieck's illusion
 59482 | Vaults:3 | Killed Mara
 59668 | Vaults:3 | Noticed Xtahua
 59690 | Vaults:3 | Killed Xtahua
 59779 | Vaults:3 | Reached skill level 18 in Invocations
 60021 | Vaults:3 | Found a staircase to the Crypt.
 60447 | Depths:1 | Entered Level 1 of the Depths
 60447 | Depths:1 | Found a gateway to Hell.
 60760 | Depths:1 | Noticed Asterion
 60777 | Depths:1 | Killed Asterion
 60901 | Depths:1 | Found Emeij's Jewellery Shoppe.
 60909 | Depths:1 | Bought the ring of Leriu {rElec rN+ Int+3} for 443 gold
                  | pieces
 61081 | Depths:1 | Noticed Saint Roka
 61328 | Depths:1 | Killed Saint Roka
 62277 | Depths:2 | Found a one-way gate to the infinite horrors of the Abyss.
 62481 | Depths:2 | Found Sicuot's Book Emporium.
 62481 | Depths:2 | Found Sois Ukh's Jewellery Boutique.
 62482 | Depths:2 | Found Simum's Jewellery Boutique.
 62490 | Depths:2 | Bought a manual of Invocations for 1040 gold pieces
 62605 | Depths:2 | Reached skill level 5 in Translocations
 62611 | Depths:2 | Found a one-way gate leading to the halls of Pandemonium.
 63572 | Depths:2 | Noticed a golden dragon
 64084 | Elf:1    | Entered Level 1 of the Elven Halls
 64323 | Elf:1    | Found Amisadeg's Distillery.
 64325 | Elf:1    | Found Peugist's Jewellery Boutique.
 64328 | Elf:1    | Found Gijixan's Antique Armour Shop.
 64434 | Elf:1    | Reached skill level 19 in Invocations
 64771 | Elf:1    | Paralysed by an air elemental for 1 turns
 65237 | Elf:2    | Found a runed translucent gate.
 65237 | Elf:2    | Found a runed translucent gate.
 65239 | Elf:2    | Found a runed translucent gate.
 65240 | Elf:2    | Noticed aleksiErkki's ghost (journeyman MiFi)
 65244 | Elf:2    | Found a viscous altar of Jiyva.
 65463 | Elf:2    | Reached XP level 23. HP: 53/133 MP: 32/37
 65761 | Elf:2    | Paralysed by an air elemental for 1 turns
 65768 | Elf:2    | Paralysed by an air elemental for 1 turns
 66081 | Elf:2    | Found a runed translucent gate.
 66081 | Elf:2    | Found a runed translucent gate.
 66081 | Elf:2    | Found a runed translucent gate.
 66119 | Elf:3    | Entered Level 3 of the Elven Halls
 66192 | Elf:3    | Paralysed by an air elemental for 1 turns
 66197 | Elf:3    | Paralysed by an air elemental for 1 turns
 68414 | Depths:2 | Reached skill level 20 in Invocations
 68740 | Depths:2 | Killed a golden dragon
 68815 | Depths:2 | Found a one-way gate to the infinite horrors of the Abyss.
 68889 | Depths:2 | Found Sicuot's Book Emporium.
 68889 | Depths:2 | Found Sois Ukh's Jewellery Boutique.
 68890 | Depths:2 | Found Simum's Jewellery Boutique.
 69223 | Depths:2 | Found a one-way gate leading to the halls of Pandemonium.
 69721 | Depths:3 | Found Totanil's Distillery.
 70896 | Depths:3 | Noticed a juggernaut
 70957 | Depths:2 | Learned a level 4 spell: Passage of Golubria
 71182 | Depths:3 | Found a corrupted altar of Lugonu.
 71402 | Depths:4 | Entered Level 4 of the Depths
 71402 | Depths:4 | Found Afest's Magic Scroll Shop.
 71406 | Depths:4 | Found a one-way gateway to a ziggurat.
 72396 | Elf:3    | Identified the ring "Zois Goe" {rN+ Str+4 SInv}
 72724 | Elf:3    | Identified the ring "Kylo" {rC+ rN+ Dex+6 Slay+3}
 72733 | Elf:3    | Identified the +3 great sword "Bydosuakk" {drain, *Rage
                  | rC++ Str+2}
 72786 | Elf:3    | Identified the amulet "Pyme" {Acrobat rPois rF+ rN+}
 72870 | Elf:3    | Reached XP level 24. HP: 84/133 MP: 29/38
 72879 | Elf:3    | Reached skill level 21 in Invocations
 73461 | Elf:3    | Found the +6 arbalest "Damnation" {damnation}
 73466 | Elf:3    | Identified the staff of death "Poux" {rC+ rN+}
 73475 | Elf:3    | Identified the +11 short sword "Dickoan" {distort, rF++
                  | rN+}
 73564 | Elf:3    | Identified the staff of poison "Woghu" {+Blink rElec rPois
                  | Dex+3}
 73589 | Elf:3    | Identified the +0 pair of boots "Riopyimp" {*Corrode rElec
                  | rC+ rN+}
 73770 | Elf:3    | Learned a level 1 spell: Apportation
 74950 | Depths:3 | Killed a juggernaut
 75872 | Depths:4 | Bought a scroll of fear for 72 gold pieces
 75872 | Depths:4 | Bought a scroll of fear for 72 gold pieces
 76329 | Depths:4 | Reached skill level 10 in Translocations
 77552 | Depths:4 | Found a runed translucent door.
 77561 | Depths:4 | Found a runed translucent door.
 77562 | Depths:4 | Reached skill level 1 in Spellcasting
 77572 | Depths:4 | Found a runed translucent door.
 77572 | Depths:4 | Found a runed translucent door.
 77908 | Depths:4 | Found a runed translucent door.
 77915 | Depths:4 | Found a runed translucent door.
 77942 | Depths:4 | Found a gate to the Realm of Zot.
 78371 | Vaults:2 | Bought a +0 helmet of intelligence for 253 gold pieces
 78635 | Orc:2    | Bought a scroll of enchant armour for 82 gold pieces
 78635 | Orc:2    | Bought a scroll of enchant armour for 82 gold pieces
 78814 | D:4      | Bought a +2 cloak for 214 gold pieces
 78827 | D:4      | Bought a scroll of enchant armour for 97 gold pieces
 79065 | Elf:1    | Bought a potion of mutation for 96 gold pieces
 79065 | Elf:1    | Bought a potion of haste for 120 gold pieces
 79065 | Elf:1    | Bought a potion of cancellation for 96 gold pieces
 79145 | Orc:2    | Bought a potion of might for 40 gold pieces
 79145 | Orc:2    | Bought a potion of magic for 80 gold pieces
 79196 | Orc:2    | Bought a potion of haste for 120 gold pieces
 79442 | Depths:3 | Bought a potion of haste for 190 gold pieces
 79502 | Depths:4 | Learned a level 4 spell: Manifold Assault
 79784 | Depths:2 | Bought a manual of Summonings for 1040 gold pieces
 79818 | Depths:3 | Bought a potion of resistance for 190 gold pieces
 80094 | Elf:1    | Bought a bloodstained ring mail for 306 gold pieces
 80094 | Elf:1    | Identified the +1 ring mail of Eternity {Dex+4} (You bought
                  | it in a shop on level 1 of the Elven Halls)
 80094 | Elf:1    | Bought a shimmering scale mail for 306 gold pieces
 80094 | Elf:1    | Identified the +1 scale mail of Greed {Rampage rPois Str+4
                  | Dex+2} (You bought it in a shop on level 1 of the Elven
                  | Halls)
 80266 | Orc:2    | Bought a book of Changes for 270 gold pieces
 80269 | Orc:2    | Learned a level 2 spell: Wereblood
 80443 | Slime:1  | Entered Level 1 of the Pits of Slime
 80458 | Lair:4   | Reached skill level 22 in Invocations
 80852 | Slime:5  | Entered Level 5 of the Pits of Slime
 81096 | Slime:4  | Found a corrupted altar of Lugonu.
 81118 | Slime:4  | Gained mutation: You occasionally lose the ability to drink
                  | potions when taking damage. [a shining eye]
 81156 | Slime:4  | Lost mutation: Armour fits poorly on your strangely shaped
                  | body. [potion of mutation]
 81156 | Slime:4  | Lost mutation: You are strong-willed. (Will+) [potion of
                  | mutation]
 81156 | Slime:4  | Gained mutation: You are weak. (Str -2) [potion of
                  | mutation]
 81156 | Slime:4  | Gained mutation: Your mind is acute. (Int +4, Str/Dex -1)
                  | [potion of mutation]
 81156 | Slime:4  | Gained mutation: You are partially covered in iridescent
                  | scales. (AC +2) [potion of mutation]
 81157 | Slime:4  | Lost mutation: Your mind is acute. (Int +4, Str/Dex -1)
                  | [potion of mutation]
 81157 | Slime:4  | Lost mutation: You are partially covered in iridescent
                  | scales. (AC +2) [potion of mutation]
 81157 | Slime:4  | Lost mutation: You are weak. (Str -2) [potion of mutation]
 81157 | Slime:4  | Gained mutation: Your system is resistant to poisons.
                  | (rPois) [potion of mutation]
 81157 | Slime:4  | Gained mutation: You are agile. (Dex +4, Str/Int -1)
                  | [potion of mutation]
 81367 | Slime:5  | Found a viscous altar of Jiyva.
 81377 | Slime:5  | Noticed the Royal Jelly
 81383 | Slime:5  | Killed the Royal Jelly
 81775 | Slime:5  | Identified the ring "Juathr Ivauxt" {Int+6 SInv}
 81778 | Slime:5  | Got Sif Muna's Precepts of the Endless Friends
 81838 | Slime:5  | Got a slimy rune of Zot
 81849 | Slime:5  | Identified the +1 leather armour "Utsyapn" {*Slow rF- Will+
                  | Str+4 Int+8}
 81866 | Slime:5  | Identified the staff of air "Caikhliri" {rElec rPois rF+}
 81870 | Slime:5  | Identified the +7 flail of Blood-Lust {holy, Will+}
 82068 | Slime:5  | Got the Thoughts on Terrain
 82601 | Zot:1    | Entered Level 1 of the Realm of Zot
 82836 | Zot:1    | Reached XP level 25. HP: 147/147 MP: 39/39
 84188 | Zot:2    | Noticed an orb of fire
 84190 | Zot:2    | Gained mutation: Your flesh is heat resistant. (rF+) [an
                  | orb of fire]
 84208 | Zot:2    | Killed an orb of fire
 84818 | Zot:2    | HP: 5/148 [quicksilver dragon (16)]
 86405 | Zot:4    | Reached skill level 15 in Shields
 87014 | Zot:3    | Reached XP level 26. HP: 154/154 MP: 39/39
 87233 | Zot:4    | Noticed Grunn
 87629 | Zot:4    | Killed Grunn
 87879 | Zot:5    | Entered Level 5 of the Realm of Zot
 89054 | Zot:5    | Gained mutation: Armour fits poorly on your strangely
                  | shaped body. [mutagenic glow]
 89064 | Zot:5    | Lost mutation: You are agile. (Dex +4, Str/Int -1)
                  | [mutagenic glow]
 89089 | Zot:5    | Gained mutation: Your magical capacity is low. (-10% MP)
                  | [mutagenic glow]
 89146 | Zot:5    | Noticed an orb of fire
 89157 | Zot:5    | Killed an orb of fire
 89212 | Zot:5    | Noticed a dread lich
 89235 | Zot:4    | Killed a dread lich
 89488 | Zot:5    | Reached skill level 15 in Armour
 89681 | Zot:5    | Reached skill level 23 in Invocations
 89765 | Zot:5    | Noticed a Killer Klown
 89768 | Zot:5    | Noticed an orb of fire
 89772 | Zot:5    | Gained mutation: Your magical capacity is very low. (-20%
                  | MP) [an orb of fire]
 89783 | Zot:5    | Killed an orb of fire
 89821 | Zot:5    | Killed a Killer Klown
 90218 | Zot:5    | Noticed an orb of fire
 90231 | Zot:5    | Killed an orb of fire
 90284 | Zot:5    | Noticed an orb of fire
 90310 | Zot:5    | Killed an orb of fire
 90387 | Zot:5    | Noticed an orb of fire
 90718 | Zot:5    | Noticed a Killer Klown
 90729 | Zot:5    | Killed a Killer Klown
 90993 | Zot:5    | Gained mutation: Your spells are a little easier to cast,
                  | but a little less powerful. [an orb of fire]
 91005 | Zot:5    | Noticed an ancient lich
 91009 | Zot:5    | Killed an orb of fire
 91185 | Zot:5    | Killed an ancient lich
 91437 | Zot:5    | Noticed a dread lich
 91447 | Zot:5    | Killed a dread lich
 91454 | Zot:5    | Noticed an ancient lich
 91492 | Zot:5    | Killed an ancient lich
 91574 | Zot:5    | Noticed an orb of fire
 91577 | Zot:5    | Gained mutation: You are frail. (-10% HP) [an orb of fire]
 91588 | Zot:5    | Noticed a Killer Klown
 91796 | Zot:5    | Killed a Killer Klown
 91813 | Zot:5    | Gained mutation: You are vulnerable to cold. (rC-) [an orb
                  | of fire]
 91878 | Zot:5    | Lost mutation: Your flesh is heat resistant. (rF+) [an orb
                  | of fire]
 91886 | Zot:5    | Killed an orb of fire
 91909 | Zot:5    | Reached XP level 27. HP: 138/143 MP: 30/31
 91917 | Zot:5    | Lost mutation: You are frail. (-10% HP) [potion of
                  | mutation]
 91917 | Zot:5    | Lost mutation: Your spells are a little easier to cast, but
                  | a little less powerful. [potion of mutation]
 91917 | Zot:5    | Gained mutation: You have a pair of small horns on your
                  | head. [potion of mutation]
 91917 | Zot:5    | Gained mutation: You have sharp toenails. [potion of
                  | mutation]
 91955 | Zot:5    | Noticed an orb of fire
 91958 | Zot:5    | Killed an orb of fire
 92173 | Zot:5    | Noticed an ancient lich
 92176 | Zot:5    | Killed an ancient lich
 92455 | Zot:5    | Noticed an ancient lich
 93173 | Zot:5    | Killed an ancient lich
 93793 | Zot:5    | Lost mutation: Your magical capacity is very low. (-20% MP)
                  | [potion of mutation]
 93793 | Zot:5    | Lost mutation: Your magical capacity is low. (-10% MP)
                  | [potion of mutation]
 93793 | Zot:5    | Lost mutation: You occasionally lose the ability to drink
                  | potions when taking damage. [potion of mutation]
 93793 | Zot:5    | Gained mutation: Your muscles are strong. (Str +4, Int/Dex
                  | -1) [potion of mutation]
 93794 | Zot:5    | Lost mutation: You have a pair of small horns on your head.
                  | [potion of mutation]
 93794 | Zot:5    | Lost mutation: Your muscles are strong. (Str +4, Int/Dex
                  | -1) [potion of mutation]
 93794 | Zot:5    | Lost mutation: You are vulnerable to cold. (rC-) [potion of
                  | mutation]
 93794 | Zot:5    | Gained mutation: You are frail. (-10% HP) [potion of
                  | mutation]
 93794 | Zot:5    | Gained mutation: Your muscles are strong. (Str +4, Int/Dex
                  | -1) [potion of mutation]
 93795 | Zot:5    | Lost mutation: Armour fits poorly on your strangely shaped
                  | body. [potion of mutation]
 93795 | Zot:5    | Lost mutation: You have sharp toenails. [potion of
                  | mutation]
 93795 | Zot:5    | Gained mutation: Your spells are a little harder to cast,
                  | but a little more powerful. [potion of mutation]
 93795 | Zot:5    | Gained mutation: You have large cloven feet. [potion of
                  | mutation]
 93826 | Zot:5    | Got the Orb of Zot
 93942 | Zot:4    | Noticed Zoduduapp the pandemonium lord
 94199 | D:13     | Noticed Gecimed the pandemonium lord
 94351 | D:9      | Noticed Qung the pandemonium lord
 94391 | D:5      | Noticed Cucs the pandemonium lord
 94504 | D:$      | Escaped with the Orb!

Illustrated notes

Levels and vault maps discovered:
D:1:      saegor_arrival_simple_e, layout_basic,
          shapermc_ecumenical_altar_hornbeckon, serial_forest,
          infiniplex_forest_side_room, infiniplex_forest_3_way,
          infiniplex_forest_straight_1, infiniplex_forest_corner_1,
          infiniplex_forest_straight_2, serial_shops, shop
D:2:      wander_river, layout_basic, uniq_crazy_yiuf_cottage, uniq_terence,
          uniq_robin
D:3:      layout_rooms, kiku_gazebo_garden_becter
D:4:      layout_loops_ring, nicolae_overflow_squiral, amcnicky_altar_gilded,
          serial_shops, nicolae_square_shop, nicolae_shop_tiny_real_fake_doors,
          shop, nicolae_shop_tiny_waterfront, nicolae_square_shop,
          guppyfry_early_lair_pool
D:5:      layout_layer_cave, minmay_hollow_rounded_squares
D:6:      layout_basic, uniq_pikel, uniq_edmund
D:7:      layout_basic, mainiacjoe_overflow_cross_hatched,
          minmay_temple_entry_poolview
D:8:      layout_cave_pools, nicolae_ru_great_annihilating_truth,
          chequers_big_river, nicolae_figureground_sparkle
D:9:      layout_long_grid, hellmonk_lair_entry_icy, gammafunk_ghost_spectres,
          grunt_decor_clamped, uniq_maurice, uniq_erolcha
D:10:     layout_loops_corners, gammafunk_ghost_split, minmay_fountain_box,
          chequers_garden
D:11:     layout_roguey, orc_david_3, okawaru_humans, uniq_fannar, uniq_snorg
D:12:     minmay_gate_of_8, layout_basic, fedhas_altar_1
D:13:     layout_irregular_city, serial_bayou_pond_d
D:14:     layout_gridville, grunt_vaults_entry_fortified,
          nicolae_concentric_dashed_squares_wild, uniq_lodul
D:15:     hangedman_depths_entry_try_elsewhere_first, layout_loops_ring,
          portal_ice_cave_entry_pillars_three
Temple:   eino_temple_scatter_basement
Lair:1:   layout_regular_city, pdpol_lair_cabin_in_the_woods, grunt_megastairs_2
Lair:2:   layout_cave_pods, palyth_hydra_swamp_entry, serial_forest,
          infiniplex_forest_lined_3_way, infiniplex_forest_corner_2,
          infiniplex_forest_clump_medium, infiniplex_forest_clump_double,
          infiniplex_forest_zigzag_2, infiniplex_forest_lined_room_2
Lair:3:   slaughterhouse, layout_regular_city, spider_nest_entry_web_field,
          serial_bayou_ford_a
Lair:4:   layout_regular_city, slime_entry_2, nicolae_volcano_entry_batcave,
          chequers_serial_rivers_room_b, grunt_megastairs_1, lemuel_fruit_tree
Lair:5:   hangedman_lair_in_review, layout_loops_ring, gauntlet_entry_generic
Swamp:1:  layout_falls_marsh, evilmike_swamp_ruin_house_3,
          nicolae_swamp_wisp_ring_woods
Swamp:2:  layout_falls_marsh, hangedman_swamp_cone, swamp_pool1
Swamp:3:  layout_basic_swamp, evilmike_swamp_ruin_house_2, swamp_pool3,
          nicolae_swamp_bunyip_nook
Swamp:4:  grunt_swamp_rune_castle, layout_basic_swamp, infiniplex_staircase_pool
Spider:1: layout_spider_delve, drop_trap, nicolae_spider_eight_legs,
          hangedman_spider_tarantella_strand, uniq_aizul
Spider:2: nicolae_spider_brood_tunnel
Spider:3: layout_spider_delve, uniq_arachne
Spider:4: spider_rune_water, hangedman_stitches_earthworm
Slime:1:  layout_caves, cheibrodos_slime_lost_civilization_5
Slime:2:  layout_caves
Slime:3:  layout_caves, basic_altar, nicolae_slime_getting_an_eyeful
Slime:4:  layout_caves, amcnicky_altar_lugonu_corruption, uniq_dissolution
Slime:5
Orc:1:    layout_caves, mines2_david
Orc:2:    st_orc_town, layout_diamond_mine, serial_shops, shop, shop, shop,
          nicolae_shop_just_a_little_nook, shop_coins, uniq_donald
Elf:1:    layout_loops_corners, minmay_shop_star
Elf:2:    elven_hall_of_blades_hangedman_original
          [nicolae_blade_entry_hurt_lockers], layout_geoelf_grid,
          gammafunk_ghost_ooze
Elf:3:    grunt_elf_hall_spiral, layout_geoelf_octagon
Vaults:1: vaults_mumra_hex, nicolae_vaults_diamond_2, v_misc_24,
          hangedman_vaults_river_flow, vaults_dpeg_ring, nicolae_vaults_big_ls,
          v_alt_pattern_3, nicolae_vaults_gold_heap,
          nicolae_vaults_surprise_closet_hard, nicolae_vaults_closet_pinwheel_6,
          nicolae_vaults_trapezoid_4, nicolae_vaults_specimen_jars,
          grunt_vaults_hallway_short, nicolae_vaults_storage_closets_1,
          nicolae_vaults_tetromino_Z_1, layout_vaults_omnicross, serial_shops,
          nicolae_shop_tiny_glass
Vaults:2: nicolae_vaults_offset_grid_hallway_1, hangedman_vaults_stitches,
          grunt_tower_of_power, nicolae_vaults_door_testing_chamber,
          v_alt_pattern_5, hangedman_vaults_corner_blocks,
          nicolae_vaults_network_periphery, vaults_room_pool,
          nicolae_vaults_little_squares_3, nicolae_vaults_mini_display_case,
          layout_vaults_big_room, serial_shops, shop
Vaults:3: nicolae_vaults_trapezoid_lopsided_1, nicolae_vaults_twisting_passages,
          v_misc_1, nicolae_vaults_double_plus_1,
          nicolae_vaults_closet_pinwheel_1, v_misc_30,
          nicolae_vaults_trapezoid_lopsided_4, v_alt_pattern_2,
          ontoclasm_vaults_fault, minmay_crypt_entry_simple_box,
          nicolae_vaults_frosty_reception, nicolae_vaults_trapezoid_lopsided_2,
          nicolae_vaults_ring_of_whatevers, v_misc_14,
          nicolae_vaults_double_plus_3, nicolae_vaults_house_1,
          layout_vaults_ring, enter_trove_0, uniq_mara, uniq_xtahua
Vaults:4: portal_desolation_entry_salt, nicolae_vaults_security_offices_2,
          vaults_room_door_hall, v_misc_23, nicolae_vaults_more_shelving_1,
          hangedman_vaults_corner, hangedman_vaults_variations,
          vaults_dpeg_spiral, nicolae_vaults_network_star,
          nicolae_vaults_heart-shaped_vault, layout_vaults_omnigrid
Depths:1: layout_gridlike, hell_entry, grunt_decor_mini_mirrors,
          nicolae_wooded_promenade, evilmike_minifort, uniq_asterion,
          uniq_saint_roka
Depths:2: four-leaf_vault, layout_gridlike, abyss_entry, hangedman_coc_ice_floe,
          grunt_pan_entry_in_and_out, grunt_decor_cap, grunt_megastairs_3,
          minmay_shop_grove, serial_bayou_shore_b
Depths:3: minmay_bad_star, layout_cave_pools, serial_shops,
          nicolae_stop_n_shop_2, serial_sigils_hangedman_scratch,
          abyss_entry_flame_altar, pf_hell_entry_tar_spiral, kennysheep_diamond
Depths:4: evilmike_zot_entry_castle, layout_cave_pools, enter_ziggurat_d,
          serial_shops, nicolae_shop_tiny_statue_garden, hell_entry
Zot:1:    layout_misc_corridors, bh_zot_ikea_curve
Zot:2:    layout_cathedral_of_symmetry, lemuel_elevator
Zot:3:    kennysheep_six_static_rooms, layout_misc_corridors, st_stairs_6
Zot:4:    layout_onion, uniq_grunn
Zot:5:    layout_misc_corridors, st_stairs_1, grunt_ministairs_6

Skill      XL: |  1  2  3  4  5  6  7  8  9 10 11 12 13 14 15 16 17 18 19 20 21 22 23 24 25 26 27 |
---------------+----------------------------------------------------------------------------------+-----
Fighting       | 2 3 4 5 6 7 8 9 10 11 12 13 14 15 16 17 18 19 20 21 22 | 22.0
Unarmed Combat | 1 2 3 4 6 7 9 10 11 13 14 15 16 17 18 19 20 21 22 | 22.7
Armour         | 1 2 3 4 5 6 7 8 9 10 11 12 13 14 15 | 15.4
Evocations     | 1 3 4 5 6 7 |  7.8
Invocations    | 4 6 8 10 12 13 14 15 16 17 19 20 22 23 | 23.3
Shields        | 2 4 5 6 7 8 9 10 11 12 13 14 15 16 | 16.0
Dodging        | 3 5 |  5.5
Translocations | 1 6 9 11 12 13 | 13.6
Spellcasting   | 2 4 |  4.0
Short Blades   | |  1.7
Throwing       | |  1.7
Stealth        | |  4.8
Transmutations | |  0.9
Earth Magic    | |  0.9

Action                     |  1- 3 |  4- 6 |  7- 9 | 10-12 | 13-15 | 16-18 | 19-21 | 22-24 | 25-27 || total
---------------------------+-------+-------+-------+-------+-------+-------+-------+-------+-------++-------
  Melee: Dagger            |    87 |   119 |   321 |   669 |       |       |       |       |       ||  1196
         Bite              |    20 |    39 |   112 |   357 |   583 |   787 |   772 |   912 |   693 ||  4275
         Punch             |     2 |     2 |    16 |    48 |       |       |       |       |       ||    68
         Unarmed           |       |       |       |   275 |  1339 |  1763 |  1497 |  1836 |  1267 ||  7977
         Headbutt          |       |       |       |       |       |       |       |       |    38 ||    38
  Throw: Stone             |     6 |       |       |       |       |       |       |       |       ||     6
         Dart              |     3 |     6 |     3 |     3 |       |       |       |       |       ||    15
         Boomerang         |       |       |       |       |       |       |       |     1 |       ||     1
   Cast: Manifold Assault  |       |       |       |       |       |       |       |    17 |       ||    17
         Passage of Golubr |       |       |       |       |       |       |       |     1 |       ||     1
 Invoke: Line Pass         |       |       |       |     8 |     7 |    18 |     7 |     6 |     1 ||    47
         Stomp             |       |       |       |     4 |     3 |    20 |    23 |     2 |     3 ||    55
         Grand Finale      |       |       |       |       |     3 |     1 |    10 |    11 |     3 ||    28
  Evoke: Wand              |       |       |       |     6 |     3 |    23 |     8 |     9 |     8 ||    57
         Lightning rod     |       |       |       |     3 |     6 |     3 |       |       |       ||    12
         Phantom mirror    |       |       |       |       |       |     2 |       |     1 |       ||     3
    Use: Scroll            |       |     7 |     4 |     3 |    16 |     7 |    10 |    26 |    13 ||    86
         Potion            |       |       |       |     3 |       |       |     3 |     4 |     9 ||    19
   Stab: Sleeping          |    10 |     2 |       |       |       |       |       |       |       ||    12
         Paralysed         |       |       |       |    40 |    97 |   124 |   148 |   159 |   125 ||   693
         Confused          |       |       |       |     2 |     5 |    13 |     3 |     2 |       ||    25
 Armour: Robe              |    18 |       |       |       |       |       |       |       |       ||    18
         Leather armour    |    25 |    25 |       |       |       |       |       |       |       ||    50
         Chain mail        |       |    30 |   174 |   243 |       |       |       |    59 |       ||   506
         Plate armour      |       |       |       |   174 |   473 |   881 |   524 |   279 |       ||  2331
         Gold dragon scale |       |       |       |       |       |       |       |   227 |   700 ||   927
  Dodge: Dodged            |    70 |    49 |    94 |   451 |   377 |   448 |   307 |   283 |   185 ||  2264
  Block: Kite shield       |       |       |       |   192 |   510 |   907 |   332 |       |       ||  1941
         Tower shield      |       |       |       |       |       |       |   550 |  1102 |  1094 ||  2746
